 Dungeon Crawl Stone Soup version 0.21.1-1-g345015f (webtiles) character file.

10523 johnjohn the Fighter (level 11, -13/111 HPs)
             Began as a Minotaur Fighter on June 7, 2018.
             Was a Priest of Nemelex Xobeh.
             Mangled by an ettin
             ... wielding a +0 dire flail
              (36 damage)
             ... on level 1 of the Orcish Mines.
             The game lasted 00:59:14 (13635 turns).

johnjohn the Fighter (Minotaur Fighter)            Turns: 13635, Time: 00:59:14

Health: -13/111    AC: 11    Str: 22    XL:     11   Next: 37%
Magic:  10/10      EV: 11    Int:  5    God:    Nemelex Xobeh [***...]
Gold:   672        SH:  9    Dex: 12    Spells: 10/10 levels left

rFire    x . .     SeeInvis .   t - +1 war axe
rCold    + + .     Gourm    .   c - +0 shield
rNeg     . . .     Faith    .   i - +1 ice dragon scales
rPois    +         Spirit   .   (helmet restricted)
rElec    .         Reflect  .   (no cloak)
rCorr    .         Harm     .   (no gloves)
MR       .....                  (no boots)
Stlth    ..........             (no amulet)
HPRegen  0.28/turn              e - ring of poison resistance
MPRegen  0.12/turn              p - +4 ring of evasion

@: drained
A: retaliatory headbutt, horns 2
a: Triple Draw, Renounce Religion


You were on level 1 of the Orcish Mines.
You worshipped Nemelex Xobeh.
Nemelex Xobeh was most pleased with you.
You were hungry.

You visited 3 branches of the dungeon, and saw 14 of its levels.

You collected 672 gold pieces.

Inventory:

Hand Weapons
 t - a +1 war axe (weapon)
Armour
 c - a +0 shield (worn)
 i - +1 ice dragon scales (worn)
Jewellery
 e - a ring of poison resistance (left hand)
 p - a +4 ring of evasion (right hand)
 z - an uncursed ring of fire
 B - an uncursed ring of magical power
 E - an uncursed ring of wizardry
 J - an uncursed ring of see invisible
 N - an uncursed ring of ice
Wands
 m - a wand of flame (20)
 w - a wand of paralysis (4)
 y - a wand of disintegration (7)
Scrolls
 b - 2 scrolls of identify
 g - a scroll of noise {unknown}
 h - 3 scrolls of enchant weapon
 j - 2 scrolls of teleportation
 k - 4 scrolls of remove curse
 o - 2 scrolls of fear {unknown}
 q - 2 scrolls of amnesia
 s - 2 scrolls of fog
 v - 2 scrolls of magic mapping {unknown}
 A - a scroll of immolation {unknown}
 K - a scroll of blinking {unknown}
Potions
 a - 5 potions of curing
 d - 2 potions of might
 n - 5 potions of brilliance
 r - a potion of haste
 u - a potion of magic
 x - 2 potions of mutation
 C - 3 potions of agility
 D - a potion of ambrosia
 G - a potion of flight
 I - a potion of lignification {unknown}
Miscellaneous
 F - an ornate deck of escape
 O - a legendary deck of destruction
Comestibles
 f - 18 rations


   Skills:
 + Level 14.8(14.2) Fighting
 + Level 14.6(14.0) Axes
 - Level 3.6(3.1) Armour
 - Level 3.6(3.1) Shields


You had 10 spell levels left.
You didn't know any spells.

Dungeon Overview and Level Annotations

Branches:
Dungeon (11/15)            Temple (1/1) D:6            Lair (0/6) D:10
    Orc (2/2) D:10
    Elf: Orc:2

Altars:
Ashenzari
Dithmenos
Elyvilon
Fedhas
Gozag
Hepliaklqana
Kikubaaqudgha
Makhleb
Nemelex Xobeh
Okawaru
Qazlal
Ru
Sif Muna
Vehumet
Wu Jian
Xom
The Shining One

Shops:
D:8 :   D:10 ([


Innate Abilities, Weirdness & Mutations

You reflexively headbutt those who attack you in melee.
You have a pair of horns on your head.


Message History

The orc warrior and the orc sorcerer are blown away by the wind.
The warg howls!
Lightning arcs down from a storm cloud!
You hear a shout! x6; You hear a howl!
You hear a shout! x4; You hear a howl!
You hear a shout! x9
The orc sorcerer points at you and mumbles some strange words.
The bolt of fire misses you.
Lightning arcs down from a storm cloud! x2
You can't go down here!
You hear a shout! x4; You hear a howl!
You hear a shout! x2
Lightning arcs down from a storm cloud!
You climb upwards.
The orc warrior dies!
The ettin closely misses you. The ettin hits you with a great mace.
* * * LOW HITPOINT WARNING * * *
The warg bites you!
* * * LOW HITPOINT WARNING * * *
There is a stone staircase leading down here.
The ettin closely misses you. The ettin hits you with a great mace!!!
You die...
Your body glows with a rainbow of weird colours and disappears.

..............
#.#..........##
...#......O.....#
........$.......#
.#.......#..o...##
....#$......o.....#
..$.....$....)....#.
.#..#......@h.......
...........C........
....................
..$....)............
.....#).).......$...
..##..........$....
....................
.............#......
........#.....#.....


You could see an ettin, a warg, an ogre, an orc priest and an orc wizard.

Vanquished Creatures
  Fannar (D:10)
  A two-headed ogre (D:10)
  Nergalle (D:10)
  A guardian serpent (D:10)
  The ghost of p0werm0de the Grave Robber, a novice GnNe (D:6)
  2 trolls
  A spriggan (D:7)
  11 yaks
  3 wraiths (D:9)
  The ghost of Cartwheel the Shooter, an amateur CeHu (D:5)
  A basilisk (D:10)
  A warg (Orc:1)
  Grum (D:10)
  The ghost of nicolaieve the Magician, an amateur DECj (D:3)
  3 orc warriors
  2 phantoms
  3 necrophages (D:8)
  2 sky beasts (D:10)
  3 ogres
  4 wolves (D:9)
  2 crocodiles (D:7)
  5 centaurs
  4 bullfrogs
  2 scorpions (D:10)
  2 troll zombies (D:9)
  5 killer bees (D:10)
  A wight (D:9)
  A howler monkey (D:6)
  A crimson imp (D:8)
  3 orc priests
  2 jellies (D:5)
  6 hounds
  Crazy Yiuf (D:7)
  3 human zombies (D:9)
  A gnoll shaman (D:5)
  7 orc wizards
  A bullfrog skeleton (D:7)
  7 worker ants
  Natasha (thrice) (D:2)
  2 human skeletons (D:9)
  A hound zombie (D:8)
  2 hound skeletons
  A mummy (D:9)
  39 gnolls
  14 adders
  3 shadow imps
  An adder skeleton (D:9)
  An adder zombie (D:8)
  3 worms
  3 dart slugs
  2 leopard geckos
  41 orcs
  6 giant cockroaches
  5 hobgoblins
  4 iguanas
  31 jackals
  5 kobolds
  5 quokkas
  4 ball pythons
  3 bats
  6 frilled lizards
  9 goblins
  A quokka skeleton (D:5)
  12 rats
  A fungus (D:1)
306 creatures vanquished.

Vanquished Creatures (others)
  An orc warrior (Orc:1)
  A sky beast (D:6)
  An orc priest (Orc:1)
  An orc (Orc:1)
4 creatures vanquished.

Grand Total: 310 creatures vanquished

Notes
Turn   | Place    | Note
-------+----------+-------------------------------------------
     0 | D:1      | johnjohn the Minotaur Fighter began the quest for the Orb.
     0 | D:1      | Reached XP level 1. HP: 19/19 MP: 0/0
    48 | D:1      | Reached XP level 2. HP: 27/27 MP: 1/1
   314 | D:1      | Reached XP level 3. HP: 25/34 MP: 2/2
   608 | D:2      | Noticed Natasha
   612 | D:2      | Killed Natasha
   618 | D:2      | Reached XP level 4. HP: 41/41 MP: 3/3
   654 | D:2      | Reached skill level 5 in Fighting
   677 | D:2      | Noticed Natasha
   685 | D:2      | Killed Natasha
   690 | D:2      | Noticed Natasha
   697 | D:2      | Killed Natasha
   743 | D:2      | Found a glowing golden altar of the Shining One.
   895 | D:2      | Reached XP level 5. HP: 45/48 MP: 4/4
  1352 | D:3      | Reached skill level 5 in Axes
  1740 | D:3      | Noticed nicolaieve's ghost (amateur DECj)
  1755 | D:3      | Killed nicolaieve's ghost
  1755 | D:3      | Reached XP level 6. HP: 36/58 MP: 5/5
  2518 | D:4      | Found an opulent altar of Gozag.
  3058 | D:5      | Entered Level 5 of the Dungeon
  3111 | D:5      | Reached XP level 7. HP: 31/66 MP: 6/6
  3282 | D:5      | Noticed Cartwheel's ghost (amateur CeHu)
  3645 | D:5      | Found a hazy altar of Hepliaklqana.
  4011 | D:5      | Killed Cartwheel's ghost
  4011 | D:5      | Reached XP level 8. HP: 67/75 MP: 7/7
  5368 | D:5      | Found a shimmering altar of Xom.
  5672 | D:6      | Reached skill level 10 in Fighting
  5792 | D:6      | Noticed p0werm0de's ghost (novice GnNe)
  5815 | D:6      | Killed p0werm0de's ghost
  5815 | D:6      | Reached skill level 10 in Axes
  5815 | D:6      | Reached XP level 9. HP: 65/86 MP: 8/8
  5925 | D:6      | Found a staircase to the Ecumenical Temple.
  5937 | Temple   | Entered the Ecumenical Temple
  5970 | Temple   | Became a worshipper of Nemelex Xobeh the Trickster
  6062 | D:6      | Received a gift from Nemelex Xobeh
  6450 | D:6      | Found an iron altar of Okawaru.
  6560 | D:6      | Found a deep blue altar of Sif Muna.
  7193 | D:7      | Found a runed door.
  7252 | D:7      | Received a gift from Nemelex Xobeh
  7295 | D:7      | Reached * piety under Nemelex Xobeh
  8080 | D:7      | Noticed Crazy Yiuf
  8083 | D:7      | Killed Crazy Yiuf
  8158 | D:8      | Found Nishraxeq's Book Shoppe.
  8300 | D:8      | Found a blossoming altar of Fedhas.
  8335 | D:8      | Found an ornate altar of the Wu Jian Council.
  8499 | D:8      | Found a radiant altar of Vehumet.
  9081 | D:9      | Reached ** piety under Nemelex Xobeh
  9298 | D:9      | Reached XP level 10. HP: 99/99 MP: 9/9
  9392 | D:9      | Found an iron altar of Okawaru.
  9590 | D:9      | Found an ancient bone altar of Kikubaaqudgha.
 10011 | D:10     | Entered Level 10 of the Dungeon
 10011 | D:10     | Noticed a two-headed ogre
 10019 | D:10     | Killed a two-headed ogre
 10057 | D:10     | Found a staircase to the Orcish Mines.
 10057 | D:10     | Found Coba's Armour Emporium.
 10060 | D:10     | Found Moesamibu's Weapon Emporium.
 10065 | D:10     | Noticed Grum
 10784 | D:10     | Killed Grum
 10931 | D:10     | Noticed Fannar
 10946 | D:10     | Killed Fannar
 11064 | D:10     | Received a gift from Nemelex Xobeh
 11098 | D:10     | Got a shimmering trident
 11165 | D:10     | Reached XP level 11. HP: 98/110 MP: 10/10
 11746 | D:10     | Found a staircase to the Lair.
 11881 | D:10     | Reached *** piety under Nemelex Xobeh
 12174 | D:10     | Noticed Nergalle
 12202 | D:10     | Killed Nergalle
 13000 | D:10     | Received a gift from Nemelex Xobeh
 13598 | Orc:1    | Entered Level 1 of the Orcish Mines
 13613 | Orc:1    | Noticed an orc sorcerer
 13614 | Orc:1    | Noticed a soul eater
 13623 | Orc:1    | Noticed an ettin
 13628 | Orc:2    | Entered Level 2 of the Orcish Mines
 13635 | Orc:1    | Mangled by an ettin

Skill      XL: |  1  2  3  4  5  6  7  8  9 10 11 |
---------------+----------------------------------+-----
Fighting       | 4 5 6 7 8 10 12 14 | 14.8
Axes           | 3 4 5 6 8 10 12 13 14 | 14.6
Armour         | |  3.6
Shields        | |  3.6

Action                   |  1- 3 |  4- 6 |  7- 9 | 10-12 || total
-------------------------+-------+-------+-------+-------++-------
Melee: War axe           |    68 |   154 |   377 |   275 ||   874
       Headbutt          |    11 |    29 |    81 |    58 ||   179
Evoke: Wand              |       |       |     3 |     7 ||    10
       Deck              |       |       |     5 |     7 ||    12
  Use: Potion            |       |     3 |       |     1 ||     4
       Scroll            |       |     5 |     9 |     1 ||    15
 Stab: Paralysed         |       |       |       |     2 ||     2
  Eat: Chunk             |       |     7 |    20 |    10 ||    37
       Ration            |       |       |       |     1 ||     1
Armor: Scale mail        |    20 |       |       |       ||    20
       Ice dragon scales |    26 |    62 |   122 |    77 ||   287
Dodge: Dodged            |    27 |    48 |   196 |    94 ||   365
Block: Shield            |    38 |    60 |   184 |   102 ||   384
